Map: Rifts to Korhal

Players

raincamp

  • Race: Zerg Zerg
  • Spawn Location: 7:00

raincamp

  • Race: Terran Terran
  • Spawn Location: 7:00

VOD

Have the link to the VOD?

Description

Time

  • Played on: Oct. 27, 2017, 11:51 a.m.
  • Length: 14:45
Show
View Real Time Build Order
Export as new Build Order

raincamp Zerg 

Build Orders:  

Get SALT Encoding   

  12  0:04  Drone  
  13  0:11  Drone  
  14  0:25  Overlord  
  14  0:42  Drone, Extractor  
  14  0:44  Drone, Extractor  
  14  1:02  Drone  
  14  1:03  Drone x2  
  14  1:05  Drone  
  18  1:45  Drone x2  
  18  1:46  Drone  
  21  1:50  Drone  
  21  1:58  Roach Warren  
  21  2:01  Drone  
  22  2:24  Spine Crawler  
  22  2:29  Spine Crawler  
  20  2:33  Drone x2  
  20  2:36  Overlord  
  22  3:01  Lair  
  22  3:02  Drone x2  
  24  3:26  Drone x3  
  24  3:27  Drone x2  
  29  3:57  Hatchery  
  28  4:16  Spire  
  27  4:22  Drone x2  
  29  4:35  Infestation Pit  
  29  4:38  Drone  
  29  5:00  Mutalisk  
  29  5:04  Extractor  
  29  5:06  Extractor  
  29  5:15  Hive  
  29  5:18  Zerg Flyer Weapons Level 1  
  29  5:22  Drone x2  
  29  5:25  Drone  
  32  5:35  Drone x2  
  32  5:36  Mutalisk, Greater Spire  
  34  5:56  Mutalisk  
  36  6:01  Overlord x2  
  36  6:04  Leviathan  
  36  6:29  Mutalisk  
  38  6:40  Mutalisk  
  38  6:49  Drone x3  
  42  6:50  Drone x5  
  46  7:08  Leviathan  
  46  7:15  Mutalisk x3  
  52  7:43  Mutalisk  
  52  7:57  Mutalisk x3  
  52  7:58  Overlord x3  
  52  7:59  Overlord  
  52  8:11  Leviathan  
  52  8:15  Devourer x3  
  52  8:25  Mutalisk x3  
  52  8:26  Mutalisk x3  
  64  8:50  Mutalisk x2  
  64  8:54  Mutalisk x2  
  64  8:55  Mutalisk x3  
  64  8:57  Mutalisk  
  68  9:07  Mutalisk  
  68  9:08  Mutalisk x2  
  70  9:12  Devourer x2  
  70  9:13  Devourer x3  
  70  9:15  Devourer  
  70  9:26  Devourer x2  
  70  9:53  Mutalisk  
  70  10:05  Overlord x5  
  70  10:06  Overlord  
  70  10:07  Drone x2  
  72  10:11  Devourer  
  72  10:30  Zerg Flyer Weapons Level 2  
  72  10:46  Spore Crawler  
  72  10:48  Spore Crawler  
  72  10:49  Spine Crawler  
  69  10:51  Spine Crawler  
  68  11:02  Mutalisk x5  
  76  11:40  Mutalisk x4  
  76  11:44  Mutalisk  
  76  11:58  Devourer x4  
  76  12:02  Devourer, Mutalisk  
  76  12:03  Mutalisk x3  
  84  12:20  Mutalisk x4  
  84  12:38  Devourer x4  
  84  13:22  Mutalisk x2  
Show
View Real Time Build Order
Export as new Build Order

raincamp Terran 

Build Orders:  

Get SALT Encoding   

  12  0:26  Supply Depot  
Tags
 
Add a new tag
Caveats
  • Supply blocks, unpowered buildings, or Contaminate may cause inaccurate times.
  • Supply counts are checked every 10 seconds.